 Dungeon Crawl Stone Soup version 0.24-a0-412-ge138f7edaf (webtiles) character file.

Game seed: 1278191672612902234

499 inmateoo the Slasher (level 7, 0/55 HPs)
             Began as a Vine Stalker Fighter on June 7, 2019.
             Was an Initiate of Wu Jian.
             Succumbed to a worker ant's poison
             ... on level 5 of the Dungeon.
             The game lasted 00:04:29 (3062 turns).

inmateoo the Slasher (Vine Stalker Fighter)         Turns: 3062, Time: 00:04:30

Health: 0/55       AC:  9    Str: 23    XL:     7   Next: 16%
Magic:  17/17      EV: 14    Int:  8    God:    Wu Jian [......]
Gold:   176        SH:  0    Dex: 21    Spells: 6/6 levels left

rFire    . . .     SeeInvis .   a - +0 long sword
rCold    . . .     Gourm    .   c - +0 shield
rNeg     + . .     Faith    .   b - +0 scale mail
rPois    .         Spirit   +   r - +1 helmet
rElec    .         Reflect  .   (no cloak)
rCorr    .         Harm     .   (no gloves)
MR       .....                  (no boots)
Stlth    ..........             (no amulet)
HPRegen  0.58/turn              d - ring of positive energy
MPRegen  0.15/turn              v - ring of magical power

@: confused, agile, berserking (expiring), lethally poisoned (0 -> -6), very
quick
A: fangs 2, regeneration 1, magic shield, antimagic bite, no potion heal 3, rot
immunity
a: Renounce Religion


You were on level 5 of the Dungeon.
You worshipped Wu Jian.
Wu Jian was noncommittal.
You were not hungry.

You visited 1 branch of the dungeon, and saw 5 of its levels.

You collected 176 gold pieces.

Inventory:

Hand Weapons
 a - a +0 long sword (weapon)
Missiles
 g - 6 javelins (quivered)
Armour
 b - a +0 scale mail (worn)
 c - a +0 shield (worn)
 r - a +1 helmet (worn)
Jewellery
 d - a ring of positive energy (left hand)
 h - an uncursed ring of flight
 v - a ring of magical power (right hand)
Wands
 p - a wand of iceblast (4)
Scrolls
 e - 3 scrolls of remove curse
 o - a scroll of teleportation
Potions
 i - a potion of lignification {unknown}
 j - a potion of haste
 k - a potion of resistance {unknown}
 m - a potion of invisibility {unknown}
 n - a potion of flight {unknown}
 q - a potion of heal wounds {unknown}
 x - a potion of ambrosia
Comestibles
 f - 7 rations


   Skills:
 + Level 3.7 Fighting
 * Level 4.2 Long Blades
 + Level 3.4 Armour
 + Level 2.1 Dodging
 + Level 3.8 Shields


You had 6 spell levels left.
You didn't know any spells.
Your spell library contained the following spells:

 Spells                   Type           Power        Failure   Level  Hunger
 Beastly Appendage        Tmut           #.....       99%         1    ##.....
 Sticks to Snakes         Tmut           #.......     100%        2    ###....
 Spider Form              Tmut/Pois      #.........   100%        3    ####...
 Ice Form                 Ice/Tmut       #.......     100%        4    #####..
 Blade Hands              Tmut           #.........   100%        5    ######.


Dungeon Overview and Level Annotations

Branches:
Dungeon (5/15)
 Temple: D:4-7

Altars:
Dithmenos
Wu Jian

Annotations:
D:3 Purgy


Innate Abilities, Weirdness & Mutations

You have extremely sharp teeth.
Your natural rate of healing is unusually fast.
When hurt, damage is shared between your health and your magic reserves.
Your bite disrupts and absorbs the magic of your enemies.
Potions cannot restore your health.
You are immune to rotting.


Message History

Unknown command.
You feel a strong urge to attack something.
* * * LOW HITPOINT WARNING * * *
You feel sick.
The centaur unwields a +0 shortbow.
The centaur closely misses you.
You see here an arrow.
Unknown command.
You barely miss the centaur. Your bite misses the centaur.
* * * LOW HITPOINT WARNING * * *
You feel sick. The centaur barely misses you.
Unknown command.
You slash the centaur! Your bite misses the centaur.
The centaur is severely wounded.
* * * LOW HITPOINT WARNING * * *
You feel sick. The centaur closely misses you.
Unknown command.
You are too berserk!
Unknown command.
You bump into the rock wall.
You die...

#.........%
##########. # .#
# ###.###
#############
.......
............#
.......
###########.#
....... ...#
#.#######.......
.#.#
#(..)(@c........
_..#
#########.......
.### ....... .#
######. ## # ##
.### #..#


You could see a centaur.

Vanquished Creatures
  2 howler monkeys (D:5)
  A crimson imp (D:5)
  A gnoll shaman (D:5)
  A hound (D:5)
  An iguana (D:5)
  Natasha (thrice) (D:2)
  2 worker ants
  A hound skeleton (D:5)
  Robin (D:2)
  3 gnolls (D:5)
  4 adders (D:2)
  An adder skeleton (D:4)
  4 worms
  4 dart slugs
  2 leopard geckos (D:5)
  6 orcs (D:5)
  4 giant cockroaches
  13 goblins
  6 hobgoblins
  3 jackals
  A quokka (D:5)
  5 bats
  A frilled lizard (D:1)
  A jackal skeleton (D:5)
  3 kobolds
  A leopard gecko skeleton (D:5)
  A quokka zombie (D:5)
  5 rats
81 creatures vanquished.

Notes
Turn   | Place    | Note
-------+----------+-------------------------------------------
     0 | D:1      | inmateoo the Vine Stalker Fighter began the quest for the
                  | Orb.
     0 | D:1      | Reached XP level 1. HP: 11/11 MP: 2/2
   123 | D:1      | Reached skill level 2 in Long Blades
   127 | D:1      | Reached XP level 2. HP: 16/16 MP: 3/3
   663 | D:2      | Reached XP level 3. HP: 10/19 MP: 4/4
  1004 | D:2      | Noticed Natasha
  1010 | D:2      | Killed Natasha
  1031 | D:2      | Noticed Natasha
  1075 | D:2      | Killed Natasha
  1075 | D:2      | Reached skill level 1 in Dodging
  1075 | D:2      | Gained mutation: Your natural rate of healing is unusually
                  | fast. [Vine Stalker growth]
  1075 | D:2      | Reached XP level 4. HP: 15/24 MP: 3/5
  1304 | D:2      | Noticed Robin
  1415 | D:2      | Killed Robin
  1415 | D:2      | Reached skill level 3 in Long Blades
  1423 | D:2      | Reached XP level 5. HP: 23/28 MP: 6/6
  1733 | D:2      | Noticed Natasha
  1748 | D:2      | Killed Natasha
  2175 | D:3      | Noticed a centaur
  2182 | D:3      | Noticed Purgy
  2185 | D:3      | HP: 1/28 [Purgy (2)]
  2190 | D:3      | HP: 1/28 [adder (2)]
  2522 | D:5      | Entered Level 5 of the Dungeon
  2545 | D:5      | Reached XP level 6. HP: 30/32 MP: 7/7
  2643 | D:5      | Reached skill level 4 in Long Blades
  2644 | D:5      | Reached XP level 7. HP: 9/36 MP: 8/8
  2773 | D:5      | Found an ornate altar of the Wu Jian Council.
  2831 | D:5      | Became a worshipper of the Wu Jian Council
  2905 | D:5      | Found a shadowy altar of Dithmenos.
  3058 | D:5      | HP: 2/55 [poisoned by a worker ant]
  3062 | D:5      | Succumbed to a worker ant's poison

Levels and vault maps discovered:
D:1:      minmay_arrival_jagged, layout_basic
D:2:      layout_basic, first_ration, uniq_robin, uniq_natasha
D:3:      layout_basic, uniq_purgy
D:4:      layout_gridville, uniq_pikel
D:5:      layout_loops_ring, lemuel_crystal_altar, marbit_many_paths,
          uniq_menkaure, uniq_blork_the_orc

Skill      XL: |  1  2  3  4  5  6 |
---------------+-------------------+-----
Long Blades    | 2 3 4 |  4.2
Shields        | 3 |  3.8
Fighting       | 3 |  3.7
Dodging        | 1 2 |  2.1
Armour         | 3 |  3.4

Action                   |  1- 3 |  4- 6 |  7- 9 || total
-------------------------+-------+-------+-------++-------
Melee: Long sword        |    42 |   187 |    37 ||   266
       Bite              |     9 |    76 |     7 ||    92
Invok: Lunge             |       |       |     1 ||     1
  Use: Scroll            |       |     8 |       ||     8
       Potion            |       |     1 |     3 ||     4
  Eat: Chunk             |       |     6 |     1 ||     7
Armor: Scale mail        |    19 |   102 |    16 ||   137
Dodge: Dodged            |    12 |    68 |    19 ||    99
Block: Shield            |    18 |   141 |    13 ||   172
       Rpst.: Long sword |     4 |    20 |     2 ||    26

Table legend:
 A = Non-vault XP
 B = Vault XP
 C = Vault XP percentage of total XP
 D = Non-vault monster count
 E = Vault monster count
 F = Vault count percentage of total count
                 A         B        C        D         E       F
            +---------+---------+-------+---------+---------+-------
      Total |     641 |      73 |  10.2 |      66 |      15 |  18.5
            +---------+---------+-------+---------+---------+-------
        D:1 |      20 |       6 |  23.1 |      13 |       3 |  18.8
        D:2 |     156 |      66 |  29.7 |      18 |      11 |  37.9
        D:3 |      18 |       0 |   0.0 |       8 |       0 |   0.0
        D:4 |      40 |       0 |   0.0 |       3 |       0 |   0.0
        D:5 |     407 |       1 |   0.2 |      24 |       1 |   4.0
            +---------+---------+-------+---------+---------+-------
